 Dungeon Crawl Stone Soup version 0.31-a0-233-g139696dc86 (webtiles) character file.

Game seed: 5850413522654343371

63 Decritt the Trooper (level 4, -1/29 HPs)
             Began as a Gargoyle Fighter on July 9, 2023.
             Was an Initiate of Ru.
             Slain by a river rat (2 damage)
             ... summoned by Eustachio
             ... on level 4 of the Dungeon.
             The game lasted 00:04:12 (2588 turns).

Decritt the Trooper (Gargoyle Fighter)              Turns: 2588, Time: 00:04:13

Health: -1/29      AC: 19    Str: 21      XL:     4   Next: 9%
Magic:  4/4        EV:  5    Int:  9      God:    Ru [......]
Gold:   136        SH:  4    Dex:  7 (9)  Spells: 3/3 levels left

rFire   . . .        a - +0 flail
rCold   . . .        c - +0 buckler
rNeg    + . .        n - +0 plate armour
rPois   ∞            x - +1 helmet
rElec   +            (no cloak)
rCorr   .            i - +1 pair of gloves
SInv    .            (no boots)
Will    .....        (no amulet) Stlth
                     (no ring)
HPRegen 0.24/turn    (no ring)
MPRegen 0.09/turn

%: no passive effects
@: no status effects
A: sickness immunity, AC +3, negative energy resistance 1, electricity
resistance, torment resistance 1, petrification resistance
a: Renounce Religion


You were on level 4 of the Dungeon.
You worshipped Ru.
Ru was noncommittal.
You visited 1 branch of the dungeon, and saw 4 of its levels.

You collected 136 gold pieces.

Inventory:

Hand Weapons
 a - a +0 flail (weapon)
Armour
 b - a +0 scale mail
 c - a +0 buckler (worn)
 i - a +1 pair of gloves (worn)
 n - a +0 plate armour (worn)
 x - a +1 helmet (worn)
Jewellery
 p - a +6 ring of intelligence
 t - a ring of ice
Scrolls
 e - a scroll of immolation {unknown}
 f - a scroll of silence {unknown}
 g - a scroll of acquirement {unknown}
 m - a scroll of enchant armour
 q - a scroll of teleportation {unknown}
 s - a scroll of torment {unknown}
 u - a scroll of blinking {unknown}
 v - a scroll of enchant weapon {unknown}
Potions
 d - a potion of might
 h - a potion of heal wounds {unknown}
 j - a potion of enlightenment
 k - a potion of haste {unknown}
 l - 3 potions of ambrosia
 o - 4 potions of curing
 w - a potion of mutation {unknown}


   Skills:
 * Level 4.1 Fighting
 * Level 3.0 Maces & Flails
 + Level 3.6 Armour
 + Level 3.6 Shields


You had 3 spell levels left.
You didn't know any spells.
Your spell library contained the following spells:

 Spells                   Type           Power      Damage    Failure   Level
 Sandblast                Erth           0%         2d4       100%        1
 Shock                    Conj/Air       0%         1d3       100%        1
 Passwall                 Tmut/Erth      0%         N/A       100%        2
 Stone Arrow              Conj/Erth      0%         3d7       100%        3
 Swiftness                Air            0%         N/A       100%        3
 Airstrike                Air            0%         2d(0-16)  100%        4


Dungeon Overview and Level Annotations

Branches:
Dungeon (4/15)
 Temple: D:4-7

Altars:
Elyvilon
Qazlal
Ru
Wu Jian

Annotations:
D:4 Eustachio


Innate Abilities, Weirdness & Mutations

You are immune to sickness and miasma.
Your stone body is resilient. (AC +3)
You are immune to poison.
You resist negative energy. (rN+)
You are resistant to electric shocks. (rElec)
You are resistant to unholy torment.
You are immune to petrification.


Message History

The river rat bites you but does no damage.
The bat barely misses you.
The shadow imp hits you but does no damage.
You thump Eustachio!
Eustachio is almost dead.
The bat barely misses you. The bat hits you but does no damage. x4
You block Eustachio's attack.
The river rat bites you but does no damage.
The bat hits you but does no damage. You block the bat's attack.
You block the shadow imp's attack. Eustachio hits you but does no damage.
The bat hits you but does no damage. x2; The river rat barely misses you.
You barely miss Eustachio.
Eustachio is almost dead.
You block the bat's attack. x2
The shadow imp laughs crazily.
The shadow imp hits you but does no damage.
Eustachio gestures wildly while chanting.
The river rat bites you but does no damage.
You closely miss Eustachio.
Eustachio is almost dead.
The shadow imp disappears in a puff of smoke!
The bat hits you but does no damage. x3; The bat barely misses you.
The bat hits you but does no damage. Eustachio hits you but does no damage.
The quasit bites you.
* * * LOW HITPOINT WARNING * * *
The quasit closely misses you.
The quasit claws you but does no damage.
The river rat bites you but does no damage.
The bat hits you but does no damage. x2
You hit Eustachio but do no damage.
Eustachio is almost dead.
The bat hits you but does no damage. x6
The quasit bites you but does no damage.
You block the quasit's attack. The quasit claws you.
* * * LOW HITPOINT WARNING * * *
You feel clumsy. Eustachio hits you with a +0 falchion.
* * * LOW HITPOINT WARNING * * *
The river rat bites you.
You die...

##.# #.#
##.#####
#......#
.#######......#
........b.....#
########......#
#.§.@..#
#.5@55.#
#.bbr..#
#......#
#......#
#......#
########


You could see Eustachio, an iron imp (summoned), a quasit (summoned), a river
rat (summoned), a shadow imp (summoned) and 3 bats.

Vanquished Creatures
  A dart slug (D:2)
  3 orcs (D:3)
  5 endoplasms
  2 giant cockroaches (D:1)
  7 goblins
  5 hobgoblins
  5 kobolds
  4 quokkas
  5 ball pythons
  8 bats
  3 frilled lizards
  4 rats
52 creatures vanquished.

Notes
Turn   | Place    | Note
-------+----------+-------------------------------------------
     0 | D:1      | Decritt the Gargoyle Fighter began the quest for the Orb.
     0 | D:1      | Reached XP level 1. HP: 14/14 MP: 1/1
   169 | D:1      | Reached XP level 2. HP: 4/19 MP: 2/2
   272 | D:1      | Found a faded altar of an unknown god.
   537 | D:1      | Reached XP level 3. HP: 24/24 MP: 3/3
  1394 | D:2      | Found a stormy altar of Qazlal.
  1817 | D:3      | Found an ornate altar of the Wu Jian Council.
  1835 | D:3      | Found a white marble altar of Elyvilon.
  1839 | D:3      | Reached skill level 4 in Fighting
  1926 | D:3      | Reached XP level 4. HP: 29/29 MP: 4/4
  2158 | D:3      | Found a sacrificial altar of Ru.
  2164 | D:3      | Became a worshipper of Ru the Awakened
  2523 | D:4      | Noticed Eustachio
  2588 | D:4      | HP: 1/29 [Eustachio/+0 falchion (6)]
  2588 | D:4      | Slain by a river rat

Illustrated notes

Levels and vault maps discovered:
D:1:      dpeg_arrival_rooms_c, layout_basic,
          hellmonk_ecumenical_altar_arch_garden
D:2:      layout_basic, basic_altar
D:3:      layout_loops_corners, nicolae_ru_the_path_less_chosen,
          mainiacjoe_overflow_catch_the_wave, minmay_misc_feat_cross,
          serial_bayou_lagoon_a
D:4:      layout_rooms, mainiacjoe_overflow_small_starburst, chequers_arboretum,
          uniq_eustachio

Skill      XL: |  1  2  3 |
---------------+----------+-----
Fighting       | 4 |  4.1
Maces & Flails | 3 |  3.0
Armour         | |  3.6
Shields        | |  3.6

Action                     |  1- 3 |  4- 6 || total
---------------------------+-------+-------++-------
  Melee: Flail             |   124 |    45 ||   169
    Use: Scroll            |       |     5 ||     5
 Armour: Scale mail        |    45 |       ||    45
         Plate armour      |    53 |   125 ||   178
  Dodge: Dodged            |    55 |    37 ||    92
  Block: Buckler           |    29 |    30 ||    59

Table legend: (Time is in decaauts)
 A = Elapsed time spent in this place.
 B = Non-inter-level travel time spent in this place.
 C = Inter-level travel time spent in this place.
 D = Time resting spent in this place.
 E = Time spent auto-exploring this place.
 F = Levels seen in this place.
 G = Mean time per level.
                   A        B        C        D        E       F      G
               +--------+--------+--------+--------+--------+-----+--------+
         Total |   2645 |   2572 |     73 |      0 |   2039 |   4 |  661.2 |
       Dungeon |   2645 |   2572 |     73 |      0 |   2039 |   4 |  661.2 |
               +--------+--------+--------+--------+--------+-----+--------+

Top non-repeatable levels by time:
     D:3: 898 daAuts
     D:1: 873 daAuts
     D:2: 787 daAuts
     D:4: 87 daAuts
